 Dungeon Crawl Stone Soup version 0.30-a0-618-gd6c86c23d0 (webtiles) character file.

Game seed: 3903520026541450201

241 greasedhog the Covered (level 6, -2/53 HPs)
             Began as a Meteoran Fighter on Jan 10, 2023.
             Slain by an orc warrior
             ... wielding a +0 flail
              (9 damage)
             ... on level 4 of the Dungeon.
             The game lasted 00:02:48 (883 turns).

greasedhog the Covered (Meteoran Fighter)            Turns: 883, Time: 00:02:48

Health: -2/53      AC: 15    Str: 19    XL:     6   Next: 56%
Magic:  7/7        EV:  7    Int:  9    God:
Gold:   88         SH:  5    Dex: 15    Spells: 5/5 levels left

rFire   . . .      SeeInvis .    a - +0 flail
rCold   . . .      Faith    .    c - +0 buckler
rNeg    . . .      Spirit   .    k - +0 shadow dragon scales
rPois   .          Reflect  .    r - +2 hat
rElec   .          Harm     .    (no cloak)
rCorr   .          Rampage  .    (no gloves)
Will    .....                    (no boots)
Stlth   +                        (no amulet)
HPRegen 0.28/turn                (no ring)
MPRegen 0.10/turn                (no ring)

@: mighty, glowing
A: sense surroundings 1, otherworldly, glowing, explore regen
a: no special abilities


You were on level 4 of the Dungeon.
You visited 1 branch of the dungeon, and saw 4 of its levels.

You collected 88 gold pieces.

Inventory:

Hand Weapons
 a - a +0 flail (weapon)
Armour
 c - a +0 buckler (worn)
 k - +0 shadow dragon scales (worn)
 r - a +2 hat (worn)
Scrolls
 b - 2 scrolls of noise {unknown}
 f - a scroll of magic mapping {unknown}
 h - a scroll of teleportation {unknown}
 i - a scroll of identify {unknown}
 n - a scroll of enchant weapon {unknown}
 p - a scroll of butterflies {unknown}
 q - a scroll of fog {unknown}
 s - a scroll of amnesia {unknown}
Potions
 e - a potion of cancellation {unknown}
 g - 2 potions of curing {unknown}
 j - a potion of heal wounds {unknown}
 l - a potion of invisibility {unknown}
 m - a potion of haste {unknown}
 o - a potion of brilliance {unknown}


   Skills:
 * Level 4.6 Fighting
 * Level 4.6 Maces & Flails
 * Level 5.0 Armour
 * Level 5.0 Shields


You had 5 spell levels left.
You didn't know any spells.
Your spell library contained the following spells:

 Spells                   Type           Power      Damage    Failure   Level
 Alistair's Intoxication  Tmut/Pois      0%         N/A       100%        5
 Borgnjor's Vile Clutch   Necr/Erth      0%         N/A       100%        5
 Eringya's Noxious Bog    Tmut/Pois      0%         N/A       100%        6


Dungeon Overview and Level Annotations

Branches:
Dungeon (4/15) Zot: 1480
 Temple: D:4-7

Altars:


Innate Abilities, Weirdness & Mutations

You passively map a small area around you.
You are easily found by Zot.
You glow in the dark.
You regain HP and MP as you explore.


Message History

Things that are here:
a +0 short sword; 5 stones; a kobold corpse An orc wizard comes into view.
It is wielding a +2 dagger of protection.
The orc wizard shouts!
An orc priest comes into view. It is wielding a +0 trident.
The orc priest shouts!
You hear a shout!
An orc warrior comes into view. It is wielding a +0 flail.
The orc warrior shouts!
The orc wizard gestures at you while chanting.
The puff of flame hits you but does no damage.
You feel very mighty all of a sudden.
The orc priest invokes the aid of Beogh against you.
Beogh smites you! The orc wizard closely misses you.
You sock the orc wizard!
The orc wizard is severely wounded.
The orc wizard gestures at you while chanting.
The puff of flame hits you but does no damage.
You block the orc wizard's attack.
You hit the orc wizard.
You kill the orc wizard!
Your Armour skill increases to level 5!
Your Shields skill increases to level 5!
You block the orc priest's attack.
The orc warrior hits you but does no damage.
Items here: $ ) [ †.
You sock the orc warrior!
The orc warrior is moderately wounded.
The orc priest hits you from afar with a +0 trident.
The orc warrior hits you but does no damage.
You hit the orc warrior but do no damage.
The orc warrior is moderately wounded.
The orc priest hits you from afar with a +0 trident!
* * * LOW HITPOINT WARNING * * *
The orc warrior hits you with a +0 flail.
* * * LOW HITPOINT WARNING * * *
You hit the orc warrior.
The orc warrior is heavily wounded.
The orc priest hits you but does no damage.
The orc warrior hits you with a +0 flail!
You die...

#.............#
#..####.####..#
#..####.# #..# ** *
....<...####..##### ⌠,
.###.##...........#*, ,,
.# #.##..........## ,
.###.##.....#.##.# ,
.....##..#.##.##.# ⌠
#..........##.##@# ** *
#.......)......#o# * * *
....###...####..o.......
#...# #...# ##.......o.
* ##..# #...###
#..#..###. *
##..###...).# #..#..# *
* * .........##.#
#...... *
##..#######.......,.#.*
#..# #.###.## .#.# * ,,


You could see an orc warrior and an orc priest.

Vanquished Creatures
  A black bear (D:4)
  3 orc wizards
  2 adders (D:3)
  A shadow imp (D:3)
  A dart slug (D:3)
  4 orcs (D:3)
  A ball python (D:1)
  3 bats (D:3)
  5 endoplasms
  A giant cockroach (D:2)
  5 goblins
  5 hobgoblins
  3 kobolds
  A quokka (D:3)
  A frilled lizard (D:3)
  5 rats
42 creatures vanquished.

Notes
Turn   | Place    | Note
-------+----------+-------------------------------------------
     0 | D:1      | greasedhog the Meteoran Fighter began the quest for the
                  | Orb.
     0 | D:1      | Reached XP level 1. HP: 19/19 MP: 2/2
   103 | D:1      | Reached XP level 2. HP: 26/26 MP: 3/3
   361 | D:3      | Found a faded altar of an unknown god.
   367 | D:3      | Reached XP level 3. HP: 30/31 MP: 4/4
   637 | D:3      | Reached XP level 4. HP: 40/40 MP: 5/5
   686 | D:3      | Reached XP level 5. HP: 30/46 MP: 6/6
   807 | D:4      | Noticed a black bear
   818 | D:4      | Killed a black bear
   819 | D:4      | Reached XP level 6. HP: 22/53 MP: 7/7
   872 | D:4      | Noticed an orc warrior
   880 | D:4      | Reached skill level 5 in Armour
   880 | D:4      | Reached skill level 5 in Shields
   883 | D:4      | Slain by an orc warrior

Illustrated notes

Levels and vault maps discovered:
D:1:      dpeg_arrival_windows_large_door, layout_rooms, minmay_domino_2
D:2:      layout_basic
D:3:      layout_loops_ring, cheibrodos_sewer_entry_bend,
          basic_ecumenical_altar, hangedman_abyss_or_decor_stabs,
          chequers_serial_rivers_micro_d, minmay_misc_feat_columns,
          kennysheep_generic_room_16
D:4:      layout_loops_ring, grunt_nemelex_the_gamble, minmay_rat_hole,
          uniq_edmund

Skill      XL: |  1  2  3  4  5  6 |
---------------+-------------------+-----
Maces & Flails | 3 4 |  4.6
Armour         | 4 5 |  5.0
Shields        | 4 5 |  5.0
Fighting       | 4 |  4.6

Action                   |  1- 3 |  4- 6 || total
-------------------------+-------+-------++-------
Melee: Flail             |    58 |    83 ||   141
  Use: Potion            |       |     1 ||     1
 Stab: Sleeping          |     1 |       ||     1
Armor: Scale mail        |     3 |       ||     3
       Shadow dragon sca |    22 |    80 ||   102
Dodge: Dodged            |    15 |    26 ||    41
Block: Buckler           |    11 |    17 ||    28

Table legend: (Time is in decaauts)
 A = Elapsed time spent in this place.
 B = Non-inter-level travel time spent in this place.
 C = Inter-level travel time spent in this place.
 D = Time resting spent in this place.
 E = Time spent auto-exploring this place.
 F = Levels seen in this place.
 G = Mean time per level.
                   A        B        C        D        E       F      G
               +--------+--------+--------+--------+--------+-----+--------+
         Total |    918 |    888 |     30 |      0 |    368 |   4 |  229.5 |
       Dungeon |    918 |    888 |     30 |      0 |    368 |   4 |  229.5 |
               +--------+--------+--------+--------+--------+-----+--------+

Top non-repeatable levels by time:
     D:3: 423 daAuts
     D:2: 230 daAuts
     D:1: 149 daAuts
     D:4: 114 daAuts
